 Dungeon Crawl Stone Soup version 0.31-a0-600-g62dffe198b (webtiles) character file.

Game seed: 4014183439167723851

72938 AdnanSaban the Bludgeoner (level 15, -19/94 (97) HPs)
             Began as a Gargoyle Fighter on Aug 21, 2023.
             Was the Champion of Okawaru.
             Demolished by an orc warlord
             ... wielding a +2 antimagic war axe
              (22 damage)
             ... on level 2 of the Orcish Mines.
             The game lasted 00:37:12 (25124 turns).

AdnanSaban the Bludgeoner (Gargoyle Fighter)       Turns: 25124, Time: 00:37:13

HP:   -19/94 (97)   AC: 50    Str: 32    XL:     15   Next: 41%
MP:   14/23         EV:  9    Int: 13    God:    Okawaru [******]
Gold: 2079          SH:  8    Dex: 12    Spells: 14/14 levels left

rFire   + + .        l - +7 demon whip of Beyond {freeze, Str+2}
rCold   + + .        c - +0 buckler
rNeg    + . .        T - +6 crystal plate armour "Beuttyt" {Dex+3}
rPois   ∞            U - +2 hat {SInv}
rElec   +            p - scarf {rC+ rF+}
rCorr   .            H - +2 pair of gloves
SInv    +            P - +0 pair of boots "Nubissau" {+Blink Str+4 Int+3}
Will    +....        (no amulet) Stlth
                     e - ring of protection from cold
HPRegen 0.35/turn    O - ring of protection from fire
MPRegen 0.18/turn

%: no passive effects
@: heroic, finesse-ful, flying, lightly drained
A: sickness immunity, AC +11, big wings, negative energy resistance 1,
electricity resistance, torment resistance 1, petrification resistance
a: Renounce Religion, Evoke Blink, Heroism, Finesse, Duel


You were on level 2 of the Orcish Mines.
You worshipped Okawaru.
Okawaru was exalted by your worship.
You visited 4 branches of the dungeon, and saw 20 of its levels.

You collected 2079 gold pieces.

Inventory:

Hand Weapons
 l - the +7 demon whip of Beyond (weapon) {freeze, Str+2}
   (Okawaru gifted it to you on level 3 of the Lair of Beasts)

   Str+2:     It affects your strength (+2).
Missiles
 f - 18 boomerangs (quivered)
 i - 28 poisoned darts
 y - 3 silver javelins
 A - 4 datura-tipped darts
 D - 2 large rocks
 L - 16 javelins
 M - a curare-tipped dart
Armour
 c - a +0 buckler (worn)
 p - a scarf of resistance (worn)
 H - a +2 pair of gloves (worn)
 P - the +0 pair of boots "Nubissau" (worn) {+Blink Str+4 Int+3}
   (Okawaru gifted it to you on level 11 of the Dungeon)

   Str+4:     It affects your strength (+4).
   Int+3:     It affects your intelligence (+3).
   +Blink:    It lets you blink.
 T - the +6 crystal plate armour "Beuttyt" (worn) {Dex+3}
   (Okawaru gifted it to you on level 2 of the Lair of Beasts)

   Dex+3:     It affects your dexterity (+3).
 U - a +2 hat of see invisible (worn)
Jewellery
 e - a ring of protection from cold (left hand)
 I - a +6 ring of dexterity
 O - a ring of protection from fire (right hand)
 Q - a ring of positive energy
Scrolls
 b - 4 scrolls of torment {unknown}
 g - 14 scrolls of identify {unknown}
 h - a scroll of blinking {unknown}
 j - a scroll of silence {unknown}
 k - 8 scrolls of teleportation {unknown}
 q - 5 scrolls of fog {unknown}
 s - 2 scrolls of enchant armour {unknown}
 t - 3 scrolls of fear {unknown}
 u - a scroll of amnesia {unknown}
 x - 4 scrolls of noise {unknown}
 B - a scroll of enchant weapon {unknown}
 C - 2 scrolls of brand weapon {unknown}
 F - a scroll of poison {unknown}
 J - a scroll of butterflies {unknown}
 R - a scroll of immolation {unknown}
Potions
 a - a potion of enlightenment {unknown}
 d - 3 potions of might
 m - 2 potions of magic {unknown}
 n - 7 potions of mutation {unknown}
 o - 6 potions of lignification {unknown}
 r - 3 potions of invisibility {unknown}
 v - 3 potions of heal wounds {unknown}
 w - 2 potions of brilliance {unknown}
 z - 4 potions of berserk rage {unknown}
 E - 5 potions of curing {unknown}
 G - a potion of attraction {unknown}
 K - a potion of ambrosia {unknown}
 N - a potion of resistance {unknown}
 S - 2 potions of degeneration {unknown}
 W - a potion of haste {unknown}


   Skills:
 + Level 12.8(17.8) Fighting
 + Level 15.3(20.3) Maces & Flails
 + Level 5.1(10.1) Throwing
 + Level 13.5(18.5) Armour
 + Level 1.6(6.6) Dodging
 + Level 2.4(7.4) Stealth
 + Level 11.5(16.5) Shields
 + Level 10.8 Invocations


You had 14 spell levels left.
You didn't know any spells.
Your spell library contained the following spells:

 Spells                   Type           Power      Damage    Failure   Level
 Apportation              Tloc           0%         N/A       97%         1
 Shock                    Conj/Air       0%         1d3       97%         1
 Blink                    Tloc           0%         N/A       99%         2
 Ensorcelled Hibernation  Hex/Ice        0%         N/A       99%         2
 Lesser Beckoning         Tloc           0%         N/A       99%         2
 Momentum Strike          Conj/Tloc      0%         3d8       99%         2
 Poisonous Vapours        Pois/Air       0%         N/A       99%         2
 Static Discharge         Conj/Air       0%         2-2/arc   99%         2
 Wereblood                Tmut           0%         N/A       99%         2
 Gell's Gravitas          Tloc           0%         N/A       100%        3
 Inner Flame              Hex/Fire       0%         N/A       100%        3
 Mephitic Cloud           Conj/Pois/Air  0%         N/A       100%        3
 Portal Projectile        Hex/Tloc       0%         N/A       100%        3
 Swiftness                Air            0%         N/A       100%        3
 Teleport Other           Tloc           0%         N/A       100%        3
 Vhi's Electric Charge    Tloc/Air       0%         N/A       100%        3
 Airstrike                Air            0%         2d(0-16)  100%        4
 Anguish                  Hex/Necr       0%         N/A       100%        4
 Flame Wave               Conj/Fire      0%         2d4       100%        4
 Iskenderun's Mystic Bla  Conj/Tloc      0%         2d3       100%        4
 Petrify                  Tmut/Erth      0%         N/A       100%        4
 Sticky Flame             Conj/Fire      0%         2d3       100%        4
 Alistair's Intoxication  Tmut/Pois      0%         N/A       100%        5
 Arcjolt                  Conj/Air       0%         1d10      100%        5
 Freezing Cloud           Conj/Ice/Air   0%         6-21      100%        5
 Irradiate                Conj/Tmut      0%         3d11      100%        5
 Dispersal                Tloc           0%         N/A       100%        6
 Plasma Beam              Fire/Air       0%         2x1d10    100%        6
 Sublimation of Blood     Necr           Unusable   N/A       N/A         2
 Tukima's Dance           Hex            Unusable   N/A       N/A         3
 Summon Lightning Spire   Summ/Air       Unusable   N/A       N/A         4
 Summon Hydra             Summ           Unusable   N/A       N/A         7

Dungeon Overview and Level Annotations

Branches:
Dungeon (12/15)            Temple (1/1) D:7            Lair (5/5) D:11
 Shoals (0/4) Lair:2       Spider (0/4) Lair:3        Slime (0/5) Lair:4
    Orc (2/2) D:12            Elf (0/3) Orc:2

Altars:
Ashenzari
Cheibriados
Dithmenos
Elyvilon
Fedhas
Gozag
Hepliaklqana
Kikubaaqudgha
Makhleb
Nemelex Xobeh
Okawaru
Qazlal
Ru
Sif Muna
Trog
Uskayaw
Vehumet
Wu Jian
Xom
Yredelemnul
Zin
The Shining One

Shops:
D:5 *   D:9 !(??:   Orc:2 :

Annotations:
Lair:2 exclusion: 2 oklob plants


Innate Abilities, Weirdness & Mutations

You are immune to sickness and miasma.
Your stone body is resilient. (AC +11)
You are immune to poison.
Your large and strong wings let you fly.
You resist negative energy. (rN+)
You are resistant to electric shocks. (rElec)
You are resistant to unholy torment.
You are immune to petrification.


Message History

The orc priest calls upon Beogh to heal the orc warrior.
The orc warrior is healed somewhat.
You whack the orc warrior! You freeze the orc warrior.
The orc warrior is almost dead.
You thrash the orc warrior!! You freeze the orc warrior.
You kill the orc warrior!
Okawaru accepts your kill.
You hit the ogre. You freeze the ogre.
The ogre is moderately wounded.
You whack the ogre! You freeze the ogre.
The ogre is almost dead.
The ogre hits you but does no damage.
You thrash the ogre!! You freeze the ogre.
You kill the ogre!
Okawaru accepts your kill.
The orc warlord no longer looks unusually strong.
The orc priest miscasts a cantrip.
The orc warlord barely misses you.
You hit the orc warlord.
The orc warlord is lightly wounded.
You punish the orc warlord, causing immense pain!!!
You freeze the orc warlord!
The orc warlord is heavily wounded.
You barely miss the orc warlord.
The orc warlord is heavily wounded.
You block the orc knight's attack.
The orc warlord hits you but does no damage.
You hit the orc warlord. You freeze the orc warlord.
The orc warlord is heavily wounded.
You closely miss the orc priest. You whack the orc priest!
You freeze the orc priest.
You kill the orc priest!
Okawaru accepts your kill. You block the orc knight's attack.
The orc warlord hits you with a +2 antimagic war axe!
* * * LOW HITPOINT WARNING * * *
You feel your power leaking away.
The orc warlord attacks as it pursues you!
The orc warlord hits you with a +2 antimagic war axe!!
You die...

# ... ##.....##.#)..... #### ##.
#........)).).... #..####...
####............. ......$...
#.#.........#.. .........
###.#......###. .......#
######..#### ## ......####
#####..##...#.#####
.......#.######.#............##.#
......#...#)#..o@.............#..
.........))..o..#..#...###.......
..........).#.###.....## #.......
..........######.......# ###.....
.....#....# ##......####......
...###...## #.#.....#......#.
....#....# ####....#...##.##
##......## ##......######
#...#....# #.#....# #


You could see an orc warlord and an orc knight (strong).

Vanquished Creatures
  Gastronok (Lair:3)
  Nessos (Lair:4)
  7 hydras
  4 boulder beetles (D:11)
  3 two-headed ogres
  5 catoblepae
  9 death yaks
  Urug (Lair:5)
  3 orc high priests
  2 skysharks
  An orc knight (Orc:1)
  An oklob plant (Lair:4)
  4 manticores
  3 orc sorcerers
  2 cyclopes (D:12)
  19 elephants
  2 black mambas
  A torpor snail (Lair:3)
  Maurice (D:8)
  13 cane toads
  Joseph (D:8)
  2 gargoyles
  Jeremiah (D:6)
  A spectral unseen horror (D:6)
  5 rime drakes
  2 unseen horrors
  10 komodo dragons
  3 trolls
  3 polar bears
  2 hornets
  14 blink frogs
  4 dream sheep (Lair:5)
  A wind drake (Lair:2)
  Sigmund (D:6)
  3 shadows
  3 jumping spiders (Lair:3)
  70 yaks
  The ghost of qipq the Nimble, an amateur FeFi of Gozag (D:6)
  2 culicivoras (Lair:3)
  2 wyverns (Lair:1)
  3 vampires
  3 basilisks
  2 steam dragons
  3 wraiths
  2 redbacks (Lair:3)
  2 wargs (Orc:2)
  2 vampire mosquitoes (D:12)
  14 water moccasins
  2 sky beasts (D:7)
  16 orc warriors
  3 black bears
  An ice beast (D:5)
  10 ogres
  11 wolves
  7 centaurs
  3 phantoms
  11 bullfrogs
  A kobold brigand (D:6)
  3 gnoll sergeants
  12 wights
  21 killer bees
  An electric eel (Lair:1)
  A spectral centaur (D:6)
  5 howler monkeys
  9 hounds
  9 jellies
  15 orc priests
  2 gnoll boudas (D:9)
  5 iguanas
  2 sleepcaps (D:5)
  18 orc wizards
  A centaur simulacrum (D:6)
  Robin (D:4)
  12 gnolls
  6 adders
  2 shadow imps (D:6)
  3 white imps
  4 ufetubi
  A worm (D:3)
  3 dart slugs
  64 orcs
  11 ball pythons
  2 bats
  22 endoplasms
  3 giant cockroaches
  22 hobgoblins
  A quokka (D:5)
  11 frilled lizards
  19 goblins
  15 kobolds
  7 rats
623 creatures vanquished.

Vanquished Creatures (others)
  An acid dragon (D:6)
  A water moccasin (Lair:2)
  A kobold brigand (D:9)
  An ufetubus (D:6)
  An orc (Orc:1)
  5 kobolds (D:9)
10 creatures vanquished.

Grand Total: 633 creatures vanquished

Notes
Turn   | Place    | Note
-------+----------+-------------------------------------------
     0 | D:1      | AdnanSaban the Gargoyle Fighter began the quest for the
                  | Orb.
     0 | D:1      | Reached XP level 1. HP: 14/14 MP: 1/1
    53 | D:1      | Reached XP level 2. HP: 17/19 MP: 2/2
   309 | D:1      | Reached XP level 3. HP: 24/24 MP: 3/3
   321 | D:1      | Found a faded altar of an unknown god.
  1003 | D:2      | Reached skill level 3 in Maces & Flails
  1003 | D:2      | Reached XP level 4. HP: 29/29 MP: 4/4
  1677 | D:3      | Reached XP level 5. HP: 33/33 MP: 5/5
  1735 | D:3      | You fall into a shaft and drop 3 floors!
  1814 | D:6      | Noticed Sigmund
  1931 | D:6      | Noticed a black bear
  1942 | D:6      | Killed a black bear
  1943 | D:6      | Reached skill level 4 in Maces & Flails
  1943 | D:6      | Reached XP level 6. HP: 34/38 MP: 6/6
  2013 | D:6      | Killed Sigmund
  2014 | D:6      | Reached skill level 1 in Dodging
  2062 | D:5      | Entered Level 5 of the Dungeon
  2123 | D:5      | Reached XP level 7. HP: 37/44 MP: 7/7
  2388 | D:3      | Reached skill level 5 in Maces & Flails
  2649 | D:4      | Reached skill level 1 in Throwing
  2698 | D:4      | Noticed Robin
  2970 | D:4      | Killed Robin
  3389 | D:5      | Reached skill level 5 in Armour
  3490 | D:5      | Found a hazy altar of Hepliaklqana.
  3494 | D:5      | Found a glowing golden altar of the Shining One.
  3495 | D:5      | Found a burning altar of Makhleb.
  3725 | D:4      | Reached skill level 6 in Maces & Flails
  3803 | D:4      | Reached XP level 8. HP: 39/48 MP: 8/8
  3950 | D:5      | Found a sacrificial altar of Ru.
  4049 | D:5      | Reached skill level 5 in Fighting
  4293 | D:5      | Found Pojad's Assorted Antiques.
  4500 | D:6      | Noticed Jeremiah
  4505 | D:6      | Reached skill level 7 in Maces & Flails
  4572 | D:6      | Found an ancient bone altar of Kikubaaqudgha.
  4615 | D:6      | Found a runed translucent gate.
  4615 | D:6      | Found a runed translucent gate.
  4615 | D:6      | Found a runed translucent gate.
  4616 | D:6      | Noticed a spectral unseen horror
  4711 | D:7      | Reached skill level 5 in Shields
  5052 | D:7      | Reached XP level 9. HP: 51/54 MP: 9/9
  5412 | D:7      | Killed an unseen horror
  5413 | D:7      | Reached skill level 8 in Maces & Flails
  5776 | D:7      | Found a staircase to the Ecumenical Temple.
  5788 | Temple   | Entered the Ecumenical Temple
  5811 | Temple   | Became a worshipper of Warmaster Okawaru
  6497 | D:8      | Found a bloodstained altar of Trog.
  6698 | D:8      | Reached skill level 9 in Maces & Flails
  6825 | D:7      | Reached * piety under Okawaru
  7013 | D:8      | Noticed Maurice
  7029 | D:8      | Killed Maurice
  7030 | D:8      | Reached XP level 10. HP: 43/61 MP: 10/10
  7337 | D:7      | Reached skill level 1 in Invocations
  7392 | D:7      | Reached ** piety under Okawaru
  7557 | D:8      | Noticed Joseph
  7576 | D:8      | Killed Joseph
  7800 | D:8      | Reached skill level 10 in Maces & Flails
  8029 | D:9      | Found Bidwozisch's Distillery.
  8048 | D:9      | Found Qouhyxet's Magic Scroll Shoppe.
  8054 | D:9      | Found Xouduacu's Magic Scroll Emporium.
  8342 | D:9      | Reached *** piety under Okawaru
  8714 | D:9      | Found Gagiat's Book Boutique.
  9131 | D:9      | Found Tihace's Weapon Shop.
  9345 | D:10     | Entered Level 10 of the Dungeon
  9480 | D:10     | Found an opulent altar of Gozag.
 10062 | D:10     | Reached XP level 11. HP: 48/67 MP: 13/13
 10395 | D:10     | Noticed a two-headed ogre
 10409 | D:10     | Killed a two-headed ogre
 10861 | D:11     | Noticed a boulder beetle
 10861 | D:11     | Found a staircase to the Lair.
 11162 | D:11     | Reached **** piety under Okawaru
 11319 | D:11     | Noticed a two-headed ogre
 11329 | D:11     | Killed a two-headed ogre
 11330 | D:11     | Reached skill level 11 in Maces & Flails
 11635 | D:11     | Reached skill level 10 in Armour
 11797 | D:11     | Reached skill level 5 in Invocations
 12053 | D:11     | Killed a boulder beetle
 12053 | D:11     | Reached ***** piety under Okawaru
 12182 | D:11     | Noticed a boulder beetle
 12219 | D:11     | Killed a boulder beetle
 12585 | D:6      | Killed Jeremiah
 12907 | D:6      | Noticed qipq's ghost (amateur FeFi)
 12939 | D:6      | Killed qipq's ghost
 13086 | D:12     | Noticed a boulder beetle
 13114 | D:12     | Noticed a manticore
 13121 | D:11     | Killed a boulder beetle
 13122 | D:11     | Reached XP level 12. HP: 64/75 MP: 16/16
 13417 | D:12     | Received a gift from Okawaru
 13611 | D:12     | Reached skill level 12 in Maces & Flails
 13759 | D:12     | Found a staircase to the Orcish Mines.
 13874 | D:12     | Noticed a two-headed ogre
 14101 | D:12     | Noticed a boulder beetle
 14152 | D:11     | Killed a boulder beetle
 14152 | D:11     | Reached ****** piety under Okawaru
 14152 | D:11     | Identified the +0 pair of boots "Nubissau" {+Blink Str+4
                  | Int+3} (Okawaru gifted it to you on level 11 of the
                  | Dungeon)
 14152 | D:11     | Received a gift from Okawaru
 14418 | D:12     | Killed a two-headed ogre
 14695 | Lair:1   | Entered Level 1 of the Lair of Beasts
 16238 | Lair:2   | Reached XP level 13. HP: 79/80 MP: 18/18
 16253 | Lair:2   | Identified the +6 crystal plate armour "Beuttyt" {Dex+3}
                  | (Okawaru gifted it to you on level 2 of the Lair of Beasts)
 16253 | Lair:2   | Received a gift from Okawaru
 16287 | Lair:2   | Found a staircase to the Shoals.
 16302 | Lair:2   | Reached skill level 13 in Maces & Flails
 17044 | Lair:2   | Reached skill level 10 in Fighting
 17136 | Lair:2   | Found a blossoming altar of Fedhas.
 17374 | Lair:3   | Noticed Gastronok
 17410 | Lair:3   | Killed Gastronok
 18728 | Lair:3   | Found a hole to the Spider Nest.
 18880 | Lair:3   | Identified the +2 mace of Sekeneci {flame, rC+ rCorr Str-4}
                  | (Okawaru gifted it to you on level 3 of the Lair of Beasts)
 18880 | Lair:3   | Received a gift from Okawaru
 18881 | Lair:3   | Reached skill level 14 in Maces & Flails
 19702 | Lair:3   | Gained mutation: Your large and strong wings let you fly.
                  | [Gargoyle growth]
 19702 | Lair:3   | Reached XP level 14. HP: 51/88 MP: 20/20
 20155 | Lair:4   | Reached skill level 10 in Shields
 20435 | Lair:3   | Identified the +7 demon whip of Beyond {freeze, Str+2}
                  | (Okawaru gifted it to you on level 3 of the Lair of Beasts)
 20435 | Lair:3   | Received a gift from Okawaru
 20697 | Lair:4   | Noticed Nessos
 20883 | Lair:4   | Killed Nessos
 21148 | Lair:4   | Found a staircase to the Slime Pits.
 21873 | Lair:5   | Entered Level 5 of the Lair of Beasts
 22060 | Lair:5   | Reached skill level 5 in Throwing
 22101 | Lair:5   | Noticed Urug
 22135 | Lair:5   | Received a gift from Okawaru
 22145 | Lair:5   | Killed Urug
 22490 | Lair:5   | Reached skill level 10 in Invocations
 22644 | Lair:5   | Identified the +0 crystal plate armour of the Undertaker
                  | {rCorr Str+2} (Okawaru gifted it to you on level 5 of the
                  | Lair of Beasts)
 22644 | Lair:5   | Received a gift from Okawaru
 22848 | Lair:5   | Reached skill level 15 in Maces & Flails
 22849 | Lair:5   | Reached XP level 15. HP: 83/96 MP: 22/22
 23036 | Lair:5   | Reached skill level 1 in Stealth
 23591 | Orc:1    | Entered Level 1 of the Orcish Mines
 23911 | Orc:2    | Entered Level 2 of the Orcish Mines
 23911 | Orc:2    | Found Ydek's Book Shoppe.
 24714 | Orc:2    | Found a staircase to the Elven Halls.
 25077 | Orc:2    | Noticed an orc warlord
 25095 | Orc:2    | Paralysed by an orc sorcerer for 2 turns
 25104 | Orc:2    | Identified the +2 ring mail of Resourcefulness {Rampage
                  | Dex+3} (Okawaru gifted it to you on level 2 of the Orcish
                  | Mines)
 25104 | Orc:2    | Received a gift from Okawaru
 25120 | Orc:2    | HP: 1/94 [orc warlord/+2 antimagic war axe (8)]
 25124 | Orc:2    | Demolished by an orc warlord

Illustrated notes

Levels and vault maps discovered:
D:1:      heliophobic_arrival_battle_scene, layout_rooms,
          dreamdust_ecumenical_altar_grove
D:2:      layout_loops_cross, minmay_lizard_king
D:3:      layout_rooms
D:4:      nicolae_cairo_tiling_very_big, layout_basic, uniq_robin
D:5:      layout_basic, grunt_temple_overflow_open, serial_shops,
          kennysheep_mini_moat, minmay_hedge_maze
D:6:      minmay_cornered_nines, layout_gridville, pf_just_have_faith,
          gammafunk_ghost_necromancy, minmay_pentangle, uniq_jeremiah,
          uniq_sigmund
D:7:      layout_loops_ring, minmay_temple_entry_mini_moons,
          serial_co_window_serial, co_window_of_opportunity_a,
          co_window_paths_b, co_window_paths_b, co_window_paths_b,
          co_window_paths_a, co_window_2corner, co_window_unsneaky_path_d,
          co_window_broadway_b, co_window_unsneaky_path_b, co_window_4corner_b,
          co_window_paths_e, glass_columns_a
D:8:      layout_gridville, mainiacjoe_overflow_alcove_2, uniq_maurice,
          uniq_joseph
D:9:      kennysheep_housing_project, layout_loops_cross, serial_shops,
          kennysheep_mini, shop, shop_statue, nicolae_stop_n_shop_2,
          nicolae_shop_back_alley_shop, library_closet, lemuel_flamethrower_2
D:10:     layout_stronghold, mainiacjoe_overflow_paths, nrook_pool_corridor
D:11:     layout_irregular_city, lair_entry_dummy
D:12:     layout_rooms, orc_0_dummy
Temple:   bh_familiar_temple
Lair:1:   layout_regular_city, grunt_megastairs_4, infiniplex_staircase_pool,
          lemuel_fruit_fields
Lair:2:   layout_roguey, minmay_shoals_entry_beasts, hangedman_tree_tricks,
          chequers_serial_rivers_micro_e, chequers_serial_rivers_small_3
Lair:3:   layout_cave_pods, nicolae_spider_entry_tight_spaces, uniq_gastronok
Lair:4:   lemuel_slime, layout_regular_city, slime_entry_1, uniq_nessos
Lair:5:   evilmike_catoblepas_cave, layout_concentric_octagons,
          grunt_megastairs_1, serial_bayou_shore_b, uniq_urug
Orc:1:    layout_caves, ebering_ghost_reflecting_pool, guppyfry_orc_lava_fort
Orc:2:    grunt_orc_cross, layout_diamond_mine, serial_shops,
          nicolae_shop_hallway_stairs

Skill      XL: |  1  2  3  4  5  6  7  8  9 10 11 12 13 14 15 |
---------------+----------------------------------------------+-----
Maces & Flails | 3 4 6 7 9 10 11 12 14 15 | 15.3
Shields        | 4 5 6 7 8 9 11 | 11.5
Fighting       | 4 5 6 7 8 9 10 12 | 12.8
Armour         | 4 5 7 8 9 10 11 12 13 | 13.5
Dodging        | 1 |  1.6
Throwing       | 1 2 3 4 5 |  5.1
Invocations    | 3 6 7 8 10 | 10.8
Stealth        | 2 |  2.4

Action                     |  1- 3 |  4- 6 |  7- 9 | 10-12 | 13-15 || total
---------------------------+-------+-------+-------+-------+-------++-------
  Melee: Flail             |   178 |   115 |   494 |  1057 |   650 ||  2494
         Demon whip        |       |       |       |       |   662 ||   662
  Throw: Dart              |       |     9 |       |    83 |    44 ||   136
         Boomerang         |       |       |       |     4 |     7 ||    11
 Invoke: Heroism           |       |       |       |       |     3 ||     3
         Finesse           |       |       |       |       |     2 ||     2
   Stab: Petrified         |       |       |       |       |     8 ||     8
 Armour: Scale mail        |    66 |       |       |       |       ||    66
         Chain mail        |    41 |    71 |    98 |       |       ||   210
         Crystal plate arm |       |       |   272 |   909 |  1055 ||  2236
  Dodge: Dodged            |    93 |    65 |   263 |   526 |   315 ||  1262
  Block: Buckler           |    45 |    27 |   131 |   292 |   426 ||   921

Table legend: (Time is in decaauts)
 A = Elapsed time spent in this place.
 B = Non-inter-level travel time spent in this place.
 C = Inter-level travel time spent in this place.
 D = Time resting spent in this place.
 E = Time spent auto-exploring this place.
 F = Levels seen in this place.
 G = Mean time per level.
                   A        B        C        D        E       F      G
               +--------+--------+--------+--------+--------+-----+--------+
         Total |  24643 |  23189 |   1454 |   1496 |  16019 |  20 | 1232.2 |
       Dungeon |  14910 |  13772 |   1138 |    701 |   9563 |  12 | 1242.5 |
        Temple |     45 |      2 |     43 |      0 |      0 |   1 |   45.0 |
          Lair |   8377 |   8114 |    263 |    636 |   5749 |   5 | 1675.4 |
  Orcish Mines |   1309 |   1300 |      9 |    159 |    706 |   2 |  654.5 |
               +--------+--------+--------+--------+--------+-----+--------+

Top non-repeatable levels by time:
  Lair:3: 2619 daAuts
    D:10: 1900 daAuts
    D:11: 1861 daAuts
     D:7: 1814 daAuts
  Lair:4: 1676 daAuts
  Lair:2: 1400 daAuts
  Lair:5: 1390 daAuts
     D:9: 1339 daAuts
     D:8: 1331 daAuts
     D:6: 1296 daAuts
  Lair:1: 1291 daAuts
    D:12: 1122 daAuts
     D:5: 1074 daAuts
     D:4: 1021 daAuts
   Orc:2: 1019 daAuts
